Cogmind - Beta 16 @@@ ROGUE MODE // 2025.11.03 @ 21:50:34 Player: GDW Result: Destroyed by CP-J9I(R) with Subdweller Beam Cannon Performance ------------- Evolutions (0) 0 Regions Visited (2) 400 Robots Destroyed (28) 140 Value Destroyed (569) 569 Prototype IDs (2) 40 Alien Tech Used (0) 0 Bonus (0) 0 TOTAL SCORE: 1149 Bonus ------- None Cogmind --------- Core Integrity 0/250 Matter 235/300 Energy 250/250 System Corruption 1% Temperature Cool (9) Movement Rolling (110) Ox2 Location -10/Subcaves Parts ------- > --- POWER (1) -------- Ion Engine > --- PROPULSION (2) --- Wheel Wheel > --- UTILITY (2) ------ High-capacity Storage Unit > --- WEAPON (2) ------- Particle Gun > --- INVENTORY (20) --- Subdweller Power Source Subdweller Power Source Subdweller Power Source Light Treads Subdweller Monowheel Subdweller Monowheel Heat Sink High-capacity Matter Pod (200) Weight Redist. System Structural Scanner Sensor Array Improved Terrain Scanner Light Armor Plating Light Armor Plating Tractor Beam Particle Gun Mining Laser Scrap Shield Fragment (48) Scrap Shield Fragment (45) Scrap Shield Fragment (45) Peak State ------------ > --- POWER ------------ Light Ion Engine > --- PROPULSION ------- Light Treads Light Treads > --- UTILITY ---------- Large Storage Unit Improved Terrain Scanner > --- WEAPON ----------- Particle Gun Assault Rifle > --- INVENTORY -------- Light Ion Engine Compact Wheel Compact Wheel Improved Hover Unit Improved Hover Unit Improved Hover Unit Improved Hover Unit High-capacity Matter Pod Structural Scanner Seismic Detector Tractor Beam Tractor Beam Particle Gun Particle Gun Particle Gun [Rating: 12] Favorites ----------- Power Light Ion Engine Engine Light Ion Engine Propulsion Light Treads Treads Light Treads Wheel Wheel Hover Unit Improved Hover Unit Utility Large Storage Unit Device Seismic Detector Storage Large Storage Unit Processor Signal Interpreter Protection Light Armor Plating Weapon Particle Gun Energy Gun Particle Gun Ballistic Gun Assault Rifle Special Weapon Mining Laser Build | -11 -10 -10 ------- Run | Yrd Mat Sub Slots Evolved . | . . . Power . | . . . Propulsion . | . . . Utility . | . . . Weapon . | . . . Parts Attached 31 | 7 22 2 Power 4 | 1 2 1 Engine 4 | 1 2 1 Core . | . . . Reactor . | . . . Propulsion 8 | 2 6 . Treads 3 | 2 1 . Leg . | . . . Wheel 3 | . 3 . Hover 2 | . 2 . Flight . | . . . Utility 13 | 2 10 1 Device 7 | 1 6 . Storage 3 | 1 2 . Processor 1 | . 1 . Hackware . | . . . Protection 2 | . 1 1 Artifact . | . . . Weapon 6 | 2 4 . Energy Gun 4 | 1 3 . Energy Cannon . | . . . Ballistic Gun 1 | 1 . . Ballistic Cannon . | . . . Launcher . | . . . Special Weapon 1 | . 1 . Impact Weapon . | . . . Slashing Weapon . | . . . Piercing Weapon . | . . . Special Melee Weapon . | . . . Unidentified Prototypes . | . . . Parts Lost 10 | . 7 3 Power 3 | . 2 1 Propulsion 2 | . 2 . Utility 2 | . 1 1 Weapon 3 | . 2 1 Highest Loss Streak 2 | . 2 2 To Critical Strikes . | . . . Average Backups 14 | 3 14 16 Power . | 1 . 2 Propulsion 3 | 1 4 2 Utility 6 | . 6 10 Weapon 2 | . 2 2 Tool/Special . | . . . Unused Backups 17 | . 6 11 Power 4 | . 1 3 Propulsion 5 | . 3 2 Utility 6 | . 1 5 Weapon 2 | . 1 1 Tool/Special . | . . . Average Slot Usage (%) 97 | . 96 99 Engine 12 | . 12 13 Treads 16 | . 18 3 Wheel 9 | . 7 24 Device 11 | . 11 10 Storage 14 | . 14 14 Protection 1 | . 1 3 Energy Gun 17 | . 16 25 Ballistic Gun 8 | . 9 . Special Weapon 1 | . 1 2 Peak Build Rating 12 | 7 12 12 Average Rating 9 | 5 9 11 On Entrance 5 | . 7 10 Avg Prop Armor Cover (%) 9 | . 9 12 Naked Turns . | . . . Heaviest Build 54 | 12 52 54 Greatest Support 40 | 40 40 20 Greatest Overweight (x) 6 | . 6 4 Average Overweight (x) . | . . 2 Largest Inventory Capacity 20 | 8 20 20 Average Capacity 15 | 7 15 20 Most Carried 20 | 7 17 20 Average Carried 14 | 4 14 18 Final Capacity 20 | 8 20 20 Final Carried 20 | 7 16 20 Class Distribution -------------------- 92% | Mutant 7% | Scavenger-Mutant Dominant Class ---------------- Mutant | -10/Materials Scavenger-Mutant | -10/Subcaves Resources | -11 -10 -10 ----------- Run | Yrd Mat Sub Matter Collected 1160 | 291 837 32 Remotely 519 | 79 440 . Salvage Created 980 | 115 734 131 Parts 63 | 7 44 12 Haulers Intercepted 2 | . 2 . Recyclers Shooed 1 | . 1 . Parts Field Recycled . | . . . Retrieved Matter . | . . . Parts Self-Destructed . | . . . Prevented . | . . . Parts Restored . | . . . Kills | -11 -10 -10 ------- Run | Yrd Mat Sub Combat Hostiles Destroyed 17 | . 14 3 Guns 17 | . 14 3 Classes Destroyed 8 | 2 5 1 Worker 2 | . 2 . Tunneler 2 | 1 1 . Hauler 2 | . 2 . Recycler 4 | 1 3 . Watcher 1 | . 1 . Swarmer 5 | . 5 . Grunt 9 | . 9 . Subdweller 3 | . . 3 Best Kill Streak 3 | 1 3 2 Combat Bots Only 2 | . 2 2 Max Kills in Single Turn 1 | 1 1 1 Gunslinging . | . . . Exploded . | . . . Melee . | . . . Uniques/NPCs Destroyed . | . . . Combat | -11 -10 -10 -------- Run | Yrd Mat Sub Hostile Shots Fired 131 | . 109 22 Missed 33 | . 25 8 Hits 98 | . 84 14 Projectile 98 | . 84 14 AOE 1 | . . 1 Critical Strikes 1 | . . 1 Damage Taken 1269 | . 891 378 Core 254 | . 143 111 Absorbed by Shields . | . . . Core Remaining (%) 100 | 100 . . Volleys Fired 131 | 7 110 14 Largest 2 | 2 2 2 Hottest 130 | 60 130 130 Shots Fired 195 | 10 159 26 Gun 192 | 10 156 26 Cannon . | . . . Launcher . | . . . Special 3 | . 3 . Kinetic 89 | 7 82 . Thermal 106 | 3 77 26 Explosive . | . . . Electromagnetic . | . . . Robot Hit Streak 18 | 2 11 18 Robot Miss Streak 4 | 1 4 1 Penetration Max . | . . . Secondary Targets 2 | . 1 1 Max Gunslinging Chain 1 | . 1 1 Shots Hit Robots 122 | 6 96 20 Core Hits 42 | 3 33 6 Critical Kills . | . . . Critical Parts Destroyed . | . . . Critical Strikes 1 | . 1 . Burn 1 | . 1 . Melee Attacks . | . . . Impact . | . . . Slashing . | . . . Piercing . | . . . Sneak Attacks . | . . . Combat Hostiles . | . . . Follow-up Attacks . | . . . Damage Inflicted 1729 | 70 1345 314 Guns 1698 | 70 1314 314 Cannons . | . . . Explosions . | . . . Melee . | . . . Ramming 31 | . 31 . Kinetic 742 | 48 694 . Thermal 956 | 22 620 314 Explosive . | . . . Electromagnetic . | . . . Impact . | . . . Slashing . | . . . Piercing . | . . . Highest Corruption 1 | . 1 1 Average Corruption 1 | . 1 1 Corruption Purged . | . . . Corruption Blocked . | . . . Effects 6 | . 4 2 Message Errors 4 | . 3 1 Energy Discharges 1 | . . 1 Parts Rejected 1 | . 1 . Overload Shots . | . . . Overflow Damage 1 | . 1 . Projectiles . | . . . Explosions . | . . . Melee 1 | . 1 . Knockbacks . | . . . Impact . | . . . Kinetic . | . . . Secondary . | . . . Self-Inflicted Damage 15 | . 15 . Shots . | . . . Rammed 1 | . 1 . Targets Rammed 1 | . 1 . Kicked . | . . . Crushed . | . . . Highest Temperature 326 | . 326 136 Average Temperature 79 | . 78 89 Received Heat Transfer 408 | . 399 9 Effects 4 | . 4 . Interference 3 | . 3 . Matter Decay 1 | . 1 . Siege Activations . | . . . Martial Activations . | . . . Shielding Activations . | . . . Robots Disrupted . | . . . Combat Hostiles . | . . . Robots Corrupted 1 | . 1 . Combat Hostiles . | . . . Parts Fried 1 | . 1 . Impact Corruptions 1 | . 1 . Robots Melted . | . . . Combat Hostiles . | . . . Parts Melted 2 | . 1 1 Heat Transferred 2344 | 50 1554 740 Parts Sabotaged . | . . . Parts Stolen . | . . . Parts Stripped . | . . . Power Chain Reactions . | . . . Alert | -11 -10 -10 ------- Run | Yrd Mat Sub Maximum Alert Level . | . . . Low Security (%) 100 | 100 100 . Level 1 . | . . . Level 2 . | . . . Level 3 . | . . . Level 4 . | . . . Level 5 . | . . . High Security . | . . . Max Security . | . . . Peak Influence 111 | 5 111 . Initial . | . . . Average 25 | . 26 . Influence Increases 554 | 10 544 . Destroy 0b10 Robot/C 280 | . 280 . Destroy 0b10 Robot/NC 55 | 10 45 . Destroy Leader 56 | . 56 . Successful Hack 56 | . 56 . Disable Machine 30 | . 30 . Destroy Structure 2 | . 2 . Lose Combat Pursuer 75 | . 75 . Influence Decreases 554 | 10 501 43 Entered New Map 22 | . . 22 Time Decay 356 | 10 326 20 Lost Part 68 | . 67 1 Purge Threat 108 | . 108 . Squads Dispatched 3 | . 3 . Investigation 3 | . 3 . Extermination . | . . . Reinforcement . | . . . Assault . | . . . Garrison . | . . . Intercept . | . . . Searches Triggered . | . . . Construction Impeded . | . . . Haulers Reinforced . | . . . Active Scanning Responses . | . . . Cargo Convoy Interrupts . | . . . Stealth | -11 -10 -10 --------- Run | Yrd Mat Sub Distress Signals 2 | . 2 . Communications Jammed . | . . . Distress Signals . | . . . Times Spotted 38 | . 33 5 Peak Tracking Total 7 | . 7 2 Tactical Retreats 5 | . 5 . Traps | -11 -10 -10 ------- Run | Yrd Mat Sub Traps Triggered 4 | . 4 . Indirectly . | . . . Trap Hack Attempts . | . . . Triggered . | . . . Disarmed . | . . . Reprogrammed . | . . . Reused . | . . . Traps Extracted . | . . . Installed . | . . . Triggered . | . . . Machines | -11 -10 -10 ---------- Run | Yrd Mat Sub Machines Disabled 3 | . 3 . Max in Single Turn 1 | . 1 . Machines Repaired . | . . . Machines Dismantled . | . . . Machines Sabotaged . | . . . Overloaded Fab Kills . | . . . Hacking | -11 -10 -10 --------- Run | Yrd Mat Sub Machines Accessed 9 | . 9 . Terminals 8 | . 8 . Fabricators . | . . . Repair Stations . | . . . Recycling Units 1 | . 1 . Scanalyzers . | . . . Garrison Access . | . . . Total Hacks 19 | . 19 . Successful 9 | . 9 . Failed 10 | . 10 . Catastrophic 2 | . 2 . Database Lockouts . | . . . Manual 8 | . 8 . Terminals 18 | . 18 . Fabricators . | . . . Repair Stations . | . . . Recycling Units 1 | . 1 . Scanalyzers . | . . . Garrison Access . | . . . Terminal Hacks 4 | . 4 . Prototype ID Bank 1 | . 1 . Terminal Index 1 | . 1 . Unreport Threat 1 | . 1 . Hauler Manifests 1 | . 1 . Fabricator Hacks . | . . . Repair Station Hacks . | . . . Recycling Unit Hacks 1 | . 1 . Retrieve Components 1 | . 1 . Scanalyzer . | . . . Garrison Access Hacks . | . . . Unauthorized Hacks 4 | . 4 . Terminals 4 | . 4 . Botnet 4 | . 4 . Fabricators . | . . . Repair Stations . | . . . Recycling Units . | . . . Scanalyzers . | . . . Garrison Access . | . . . Data Cores Recovered . | . . . Used . | . . . Hacking Detections 8 | . 8 . Full Trace Events 1 | . 1 . Feedback Events . | . . . Feedback Blocked . | . . . Robot Schematics Acquired . | . . . Robots Built . | . . . Authchips . | . . . Time . | . . . Total Robot Build Rating . | . . . Part Schematics Acquired . | . . . Parts Built . | . . . Authchips . | . . . Time . | . . . Total Part Build Rating . | . . . Part Studies Acquired . | . . . Parts Repaired . | . . . Time . | . . . Parts Recycled . | . . . Recycled Matter . | . . . Retrieved Matter . | . . . Retrieved Components 2 | . 2 . Parts Scanalyzed . | . . . Part Schematics Acquired . | . . . Parts Damaged . | . . . Bothacking | -11 -10 -10 ------------ Run | Yrd Mat Sub Used RIF Installer . | . . . Robots Hacked . | . . . Non-combat . | . . . Combat . | . . . Robot Hacks Applied . | . . . Relay Couplers Released . | . . . Fabnet Peak Effective % . | . . . Robots Rewired . | . . . Allies Hacked . | . . . Hacks Repelled . | . . . Allies | -11 -10 -10 -------- Run | Yrd Mat Sub Total Allies . | . . . Largest Group . | . . . Highest-Rated Group . | . . . Highest-Rated Ally . | . . . Total Orders . | . . . Ally Attacks . | . . . Total Damage . | . . . Kills . | . . . Allies Corrupted . | . . . Allies Melted . | . . . Intel | -11 -10 -10 ------- Run | Yrd Mat Sub Active Infowar (turns) 1423 | . 1250 173 Terrain 51 | . 51 . Structural 362 | . 362 . Seismic 1010 | . 837 173 Robot Analysis Total . | . . . Derelict Logs Recovered 1 | . . 1 Drone Launches . | . . . Drone Recoveries . | . . . Exploration | -11 -10 -10 ------------- Run | Yrd Mat Sub Turns Passed 2497 | 130 2127 240 Spaces Moved 1335 | 65 1115 155 Core 8 | 7 1 . Treads 638 | 58 580 . Legs . | . . . Wheels 672 | . 517 155 Hover 17 | . 17 . Flight . | . . . Fastest Speed 50 | 50 56 110 Average Speed 137 | 148 140 110 Slowest Speed 350 | 160 350 140 Overloaded Moves . | . . . Propulsion Burnouts . | . . . Robots Hopped . | . . . Potential Cave-ins . | . . . Cave-ins Triggered . | . . . Exploration Rate (%) 38 | 5 91 18 Regions Visited 2 Branch Regions 1 Pre-discovered Areas . | . . . Known Exits Taken 1 | . 1 . Unknown Exits Taken 1 | 1 . . Scrap Searched . | . . . Spaces Dug 2 | . 2 . Terrain Destroyed 2 | . 2 . Melee . | . . . Projectile 2 | . 2 . AOE . | . . . Terrain Rammed . | . . . Walls Destroyed . | . . . Machines Disabled . | . . . Actions | -11 -10 -10 --------- Run | Yrd Mat Sub Total 1787 | 85 1505 197 Wait 200 | . 189 11 Move 1333 | 64 1114 155 Hop . | . . . Pick Up 43 | 7 28 8 Fast Attach 13 | 7 6 . Attach 8 | . 7 1 Detach 1 | . 1 . Swap 36 | . 31 5 Drop 21 | . 18 3 Fire 131 | 7 110 14 Melee . | . . . Ram 1 | . 1 . Kick . | . . . Crush . | . . . Escape Stasis . | . . . Rewire . | . . . Trap . | . . . Miscellaneous . | . . . Route ------- -11/Scrapyard -10/Materials (discovered 5 exits: *Mat x3 / *Min / *Sub) -10/Subcaves (discovered 1 exit: Mat) History --------- Turn | Location | Event 32 | -11/Scrapyard | Discovered new exit (range 15) 131 | -11/Scrapyard | Entered Materials 300 | -10/Materials | Build established: Mutant 542 | -10/Materials | Discovered new exit (range 5) 676 | -10/Materials | Discovered new exit (range 13) 982 | -10/Materials | Discovered new exit (range 15) 1204 | -10/Materials | Discovered new exit (range 9) 1569 | -10/Materials | Core integrity fell below 50% 2031 | -10/Materials | Discovered new exit (range 15) 2102 | -10/Materials | Identified exit to Materials 2156 | -10/Materials | Identified exit to Mines 2256 | -10/Materials | Identified exit to Subcaves 2258 | -10/Materials | Entered Subcaves 2315 | -10/Subcaves | Core integrity fell below 20% 2463 | -10/Subcaves | Identified exit to Materials 2498 | -10/Subcaves | Ambushed by Subdweller buried in earth 2498 | -10/Subcaves | Destroyed by CP-J9I(R) with Subdweller Beam Cannon Last Messages --------------- 02331_ Acquired Sub. Monowheel. 02333_ Acquired Scrap Shield Fragment. 02334_ Acquired 32 matter. 02336_ Dropped Heat Sink. 02337_ Acquired Sub. Monowheel. 02339_ Dropped Lrg. Storage Unit. 02340_ Acquired Sub. Power Source. 02342_ Dropped Structural Scanner. 02342_ Acquired Sub. Power Source. 02343_ Subatomizers dissect the Disposable Heat Sink. 02349_ System corrupted: Energy discharge (-87). 02390_ Subatomizers dissect the Lrg. Storage Unit. 02463_ Acquired derelict log, extracted data. Loading 1 Subcaves exit... 02481_ GTHRDAG#6P3B|5H9I17D=2:P%C 02498_ Seismic Detector destroyed. 02498_ Particle Gun destroyed. [Achievement: Do Not Disturb] Map ----- +----------------------------------------------------+ | ?????????????????????????????????????????????????? | | ?????????????????????????????????????????????????? | | ?????????????????????????????????????????????????? | | ?????????????????????????????????????????????????? | | ?????????????????????????????????????????????????? | | ?????????????????????????????????????????????????? | | ?????????????????????????????????????????????????? | | ?????????????????????????????????????????????????? | | ??????????#######????????????????????????????????? | | ?????????## ?????????????????????????????????? | | ????##??## "" ?????????????????????????????????? | | ##### ## """???###????????????????????????????? | | # " ##### ###??????????????????????????? | | # # ""##?????????????????????????? | | #???????# " #?????????????????????????? | | ##??????# " #?????????????????????????? | | #?????## ##### ##?????????????????????????? | | ##??### ###???# #####??????????????????????? | | ## ### # #?????# #??????????????????????? | | ## ##????## #??????????????????????? | | ### ## #?????# #??????????????????????? | | ## ### ##?????## #??????????????????????? | | #####???????## ##?????????????????????? | | # ##????????????##; ;##????????????????????? | | #### #??????????????#; ; #????????????????????? | | ??? #??????????????# @; #????????????????????? | | ??# #?????????????# ; #????????????????????? | | ?? #?????????? "" R #????????????????????? | | ? ???????? ;;#????????????????????? | | ? ??????? ### ????????????????????? | | # ????? ????#" ???????????????????? | | # ????#?????;;# ??????????????????? | | # ???????? ;;;## ?????????????????? | | ??????? ;?## ## ????????????????? | | ?????? R ???###? ????????????????? | | ? ???????? ???????? ???????????????? | | ?? ?????????; ????????? ??????????????? | | ????????????????#; ??????????#####??????????????? | | ?????????????????? ??????????????????????????????? | | ?????????????????????????????????????????????????? | | ?????????????????????????????????????????????????? | | ?????????????????????????????????????????????????? | | ?????????????????????????????????????????????????? | | ?????????????????????????????????????????????????? | | ?????????????????????????????????????????????????? | | ?????????????????????????????????????????????????? | | ?????????????????????????????????????????????????? | | ?????????????????????????????????????????????????? | | ?????????????????????????????????????????????????? | | ?????????????????????????????????????????????????? | +----------------------------------------------------+ Best States ------------- Heat Dissipation 35 Energy Generation 10 Energy Capacity 250 Matter Stores 300 Matter Capacity 300 Sight Range 16 Terrain Scan Range 16 Terrain Scan Density 10 Armor Coverage 150 Evasion (%) 53 Recoil Reduction 2 Item Schematics ----------------- None Robot Schematics ------------------ None Fabricated ------------ Nothing Repaired ---------- Nothing Studied --------- None Alien Tech Used ----------------- None Achievements -------------- Do Not Disturb Challenges ------------ None Game ------ Seed ThiefThunderGriptreads Manual? 0 Play Time 00:39:49 Cumulative 41.9 hours Start 2025.11.03 @ 18:31:39 End 2025.11.03 @ 21:50:34 Sessions 2 Manual Loads 0 Difficulty Rogue Special Mode None Game No. 24 Rogue 24 Adventurer 0 Explorer 0 Win Type - Total 1 Types 1/0/0/0/0/0/0/0/0/0 Lore% 22 Gallery% 31 Achievement% 24 Wizard Run 0 Options --------- Layout 2 ASCII 0 Keyboard 0 Movement Mouse Keybinds 0 Fullscreen 1 Font 24/Smallcaps Map View 50x44 Zoom Use 0% Tactical HUD 1 Map Filters NONE Filters NONE Steam 1 RUN: 2a38b1cc-c050-467d-9e51-a052162a2695